 Dungeon Crawl Stone Soup version 0.20-a0-993-gba41c3c (webtiles) character file.

163 Alarkh the Insei (level 5, 42/42 HPs)
             Began as a Bultungin Transmuter on Apr 11, 2017.
             Was an Initiate of Okawaru.
             Got out of the dungeon alive.
             The game lasted 00:02:53 (2826 turns).

Alarkh the Insei (Bultungin Transmuter)             Turns: 2826, Time: 00:02:54

Health: 42/42      AC:  7    Str:  9    XL:     5   Next: 44%
Magic:  9/9        EV: 14    Int: 14    God:    Okawaru [......]
Gold:   81         SH:  0    Dex: 15    Spells: 9/10 levels left

rFire    . . .     SeeInvis +     - Unarmed
rCold    . . .     Gourm    .   (no shield)
rNeg     . . .     Faith    .   b - +0 robe
rPois    .         Spirit   .   t - +0 helmet
rElec    .         Reflect  .   o - +2 cloak
rCorr    .         Harm     .   r - +0 pair of gloves
MR       .....                  (no boots)
Stlth    +.........             (no amulet)
Regen    0.2/turn               (no ring)
MPRegen  0.2/turn               l - ring of flight

@: no status effects
A: short attention span, fangs 1, see invisible, strong nose
a: Renounce Religion, Evoke Flight


You escaped.
You worshipped Okawaru.
Okawaru was noncommittal.
You were not hungry.

You visited 1 branch of the dungeon, and saw 2 of its levels.

You collected 81 gold pieces.

Inventory:

Missiles
 a - 41 arrows
Armour
 b - a +0 robe (worn)
 k - a +0 cloak
 o - a +2 cloak (worn)
 r - a +0 pair of gloves (worn)
 t - a +0 helmet (worn)
Jewellery
 l - a ring of flight (right hand)
Scrolls
 e - a scroll of identify
 f - 2 scrolls of remove curse {unknown}
 h - a scroll of enchant weapon
 i - a scroll of fear
 q - a scroll of magic mapping {unknown}
 s - a scroll of amnesia {unknown}
 u - a scroll of blinking {unknown}
 v - a scroll of teleportation {unknown}
Potions
 p - a potion of heal wounds
Books
 c - a book of Changes

   Spells                             Type                      Level
   a - Beastly Appendage              Transmutation                1
   b - Sticks to Snakes               Transmutation                2
   c - Spider Form                    Transmutation/Poison         3
   d - Ice Form                       Ice/Transmutation            4
   e - Blade Hands                    Transmutation                5
Comestibles
 d - a bread ration
 g - 2 meat rations


   Skills:
 + Level 3.7 Fighting
 + Level 4.4 Dodging
 * Level 7.1 Unarmed Combat
 - Level 3.2 Spellcasting
 - Level 3.0 Transmutations


You had 9 spell levels left.
You knew the following spells:

 Your Spells              Type           Power        Failure   Level  Hunger
a - Beastly Appendage     Tmut           ##....       10%         1    #......


Dungeon Overview and Level Annotations

Branches:
Dungeon (2/15)

Altars:
Dithmenos
Okawaru
Qazlal
Ru
Xom


Innate Abilities, Weirdness & Mutations

You have a short attention span.
You have very sharp teeth.
You have supernaturally acute eyesight. (SInv)
Your uncanny sense of smell can sniff out nearby items.


Message History

The ooze hits you.
You hit the ooze.
You kill the ooze!
Okawaru accepts your kill.
No target in view!
No target in view!
No target in view!
No target in view!
No target in view!
(D) Dungeon
Where to? (Enter - D:1 @ (x,y), ? - help) HP restored.
There is an open gate here.
There is an open gate here.
There is an open gate here.
There is a large open door here.
There is an open door here.
There is a staircase leading out of the dungeon here.
Are you sure you want to leave the Dungeon?
This will make you lose the game!
You have escaped!

#.#.##.........'........#....#.
#>...#.........'........#.####.
#.#..#.........'........#.# ##.
#.#..#...############...#.# #..
#.#..#...#.....'....#...#.###.#
#.#..#...#.....'....#...#......
###.#..#...#.....'....#...#####.#
#......#...#...###....#...# #.#
#......#...#...#@##'''#'''# #.#
#......#'''#'''#'##...#...#####'#
#..........#...#..'...#...#......
#..........#...#..'...#...#......
#.........)#...########...#......
#..........#......'.......#......
#######....#......'.......#......
#....#......'.......#......
#....################.....#


There were no monsters in sight!

Vanquished Creatures
  Crazy Yiuf (D:2)
  Robin (D:2)
  4 gnolls
  3 adders (D:2)
  An ooze (D:1)
  A worm (D:2)
  A leopard gecko (D:2)
  2 bats
  A giant cockroach (D:2)
  18 goblins
  6 hobgoblins
  2 frilled lizards
  5 kobolds
  3 rats
49 creatures vanquished.

Notes
Turn   | Place    | Note
-------+----------+-------------------------------------------
     0 | D:1      | Alarkh the Bultungin Transmuter began the quest for the Orb.
     0 | D:1      | Reached XP level 1. HP: 15/15 MP: 4/4
   273 | D:1      | Reached skill level 5 in Unarmed Combat
   273 | D:1      | Reached XP level 2. HP: 21/22 MP: 6/6
   618 | D:1      | Reached XP level 3. HP: 21/27 MP: 7/7
  1100 | D:2      | Reached XP level 4. HP: 14/34 MP: 8/8
  1331 | D:2      | Reached skill level 6 in Unarmed Combat
  1455 | D:2      | Noticed Robin
  1469 | D:2      | Killed Robin
  2007 | D:2      | Reached XP level 5. HP: 35/41 MP: 9/9
  2184 | D:2      | Found a runed door.
  2357 | D:2      | Found a sacrificial altar of Ru.
  2357 | D:2      | Found a stormy altar of Qazlal.
  2362 | D:2      | Found a shimmering altar of Xom.
  2364 | D:2      | Found a shadowy altar of Dithmenos.
  2365 | D:2      | Found an iron altar of Okawaru.
  2368 | D:2      | Became a worshipper of Warmaster Okawaru
  2507 | D:2      | Noticed Crazy Yiuf
  2517 | D:2      | Killed Crazy Yiuf
  2517 | D:2      | Reached skill level 7 in Unarmed Combat
  2826 | D:$      | Got out of the dungeon alive.

Vault maps used:
D:1:      minmay_arrival_widening_spiral_wide, minivault_4
D:2:      chequers_temple_overflow_minitemple, hangedman_decor_growths,
          roderic_lattice_a, minivault_24, uniq_robin, uniq_crazy_yiuf_cottage

Skill      XL: |  1  2  3  4  5 |
---------------+----------------+-----
Fighting       | 2 3 |  3.7
Unarmed Combat | 5 6 7 |  7.1
Dodging        | 4 |  4.4
Spellcasting   | |  3.2
Transmutations | |  3.0

Action                   |  1- 3 |  4- 6 || total
-------------------------+-------+-------++-------
Melee: Unarmed           |    82 |    92 ||   174
       Bite              |     9 |     7 ||    16
       Punch             |     1 |     2 ||     3
  Use: Scroll            |     1 |     4 ||     5
       Potion            |       |     1 ||     1
 Stab: Sleeping          |       |     2 ||     2
  Eat: Chunk             |       |     6 ||     6
Armor: Robe              |    11 |    16 ||    27
Dodge: Dodged            |    58 |    48 ||   106
